 Dungeon Crawl Stone Soup version 0.14-a0-3134-g2c86dbf (webtiles) character file.

202 Beebo the Charmwright (level 5, -2/24 HPs)
             Began as a Felid Skald on Mar 8, 2014.
             Slain by an orc
             ... wielding a +0,+0 hand axe
              (3 damage)
             ... on Level 4 of the Dungeon.
             The game lasted 00:15:10 (3557 turns).

Beebo the Charmwright (Felid Skald)                 Turns: 3557, Time: 00:15:11

HP  -2/24        AC  1     Str  8      XL: 5   Next:  4%
MP   5/12        EV 18     Int 15      God:
Gold 60          SH  0     Dex 15      Spells:  4 memorised,  0 levels left
Lives: 0, deaths: 1

rFire  . . .     SeeInvis +       - Unarmed
rCold  . . .     Clarity  .     (armour unavailable)
rNeg   . . .     Conserve .     (shield unavailable)
rPois  .         rCorr    .     (helmet unavailable)
rElec  .         rRot     .     (cloak unavailable)
SustAb . .       Spirit   .     (gloves unavailable)
rMut   .         Warding  .     (boots unavailable)
Saprov . . .     Stasis   .     (no amulet)
MR     .....                    (no ring)
                                (no ring)

@: quick, not resistant to hostile enchantments, fairly stealthy
A: paw claws, no armour, no weapons or thrown items, fangs 3, see invisible,
carnivore 3, speed 1, shaggy fur 1, slow metabolism 1, jump 1
a: Jump Attack


You were on level 4 of the Dungeon.
You were very full.

You visited 1 branch of the dungeon, and saw 4 of its levels.

You collected 60 gold pieces.

Inventory:

Magical devices
 e - a wand of magic darts (4)
 k - a wand of digging (21)
Comestibles
 d - 2 meat rations
Scrolls
 a - a scroll of fog {unknown}
 b - a scroll of identify
 h - 2 scrolls of recharging
 l - a scroll of enchant armour {unknown}
 n - a scroll of random uselessness {unknown}
Books
 c - a book of Battle

   Spells                             Type                      Level
   *Infusion                          Charms                       1
   *Shroud of Golubria                Charms/Translocation         2
   *Song of Slaying                   Charms                       2
   Spectral Weapon                    Hexes/Charms                 3
   *Regeneration                      Charms/Necromancy            3


   Skills:
 * Level 3.4 Fighting
 + Level 3.0 Dodging
 * Level 3.0 Unarmed Combat
 - Level 2.1 Spellcasting
 + Level 4.1 Charms
 - Level 3.1 Necromancy
 - Level 2.7 Translocations


You couldn't memorise any spells.
You knew the following spells:

 Your Spells              Type           Power        Failure   Level  Hunger
g - Shroud of Golubria    Chrm/Tloc      ##........   12%         2    ###....
r - Regeneration          Chrm/Necr      ##........   17%         3    ####...
s - Song of Slaying       Chrm           ##......     8%          2    ###....
z - Infusion              Chrm           ##....       4%          1    #......


Dungeon Overview and Level Annotations

Branches:
Dungeon (4/16)
 Temple: D:4-7

Altars:
Jiyva

Annotations:
D:3 Grinder


Innate Abilities, Weirdness & Mutations

You cannot wear armour.
You are incapable of wielding weapons or throwing items.
Your paws have sharp claws.
You have razor-sharp teeth.
You have supernaturally acute eyesight.
You are carnivorous and can eat meat at any time.
You cover ground quickly.
You are covered in fur (AC +1).
You have a slow metabolism.
You can jump attack at a short distance.


Message History

The orc wizard misses you.
Unknown command.
You scratch the orc wizard.
The orc wizard is moderately wounded.
The orc closely misses you. The orc wizard closely misses you.
Unknown command.
You scratch the orc wizard. You bite the orc wizard.
The orc wizard is severely wounded.
The orc wizard barely misses you.
The orc wizard looks braver.
The orc hits you with a hand axe!
* * * LOW HITPOINT WARNING * * *
Unknown command.
You scratch the orc wizard.
The orc wizard is almost dead.
Your skin stops crawling.
The orc wizard hits you with a dagger.
* * * LOW HITPOINT WARNING * * *
The orc hits you with a hand axe.
You die...

# .... .....
#..#... #.#
#.....##### #.#
#.....#...# #.#
#.....#...######o..
#(##
#..#.#...o@ooooooo.
...#
#..#.#...#########.
...####........#
...(.##......####
#....#..........#
#%...#..._........
#%####...........#.
#%####..%..........
%..(<............#


You could see 3 orc wizards and 6 orcs.

Vanquished Creatures
  The ghost of Beebo the Scratcher, an average FeTm (D:3)
  A crimson imp (D:4)
  A hound (D:4)
  Natasha (thrice) (D:4)
  3 adders
  3 worms
  5 oozes
  6 orcs
  7 bats
  4 giant cockroaches
  8 goblins
  7 hobgoblins
  6 jackals (D:2)
  6 kobolds
  2 ball pythons (D:1)
  5 giant newts
  13 rats
81 creatures vanquished.

Notes
Turn   | Place    | Note
--------------------------------------------------------------
     0 | D:1      | Beebo, the Felid Skald, began the quest for the Orb.
     0 | D:1      | Reached XP level 1. HP: 9/9 MP: 4/4
   234 | D:1      | Reached XP level 2. HP: 11/13 MP: 0/5
  1031 | D:2      | Reached XP level 3. HP: 9/16 MP: 4/8
  1241 | D:2      | Learned a level 3 spell: Regeneration
  1244 | D:2      | Learned a level 2 spell: Shroud of Golubria
  1644 | D:2      | Reached skill level 1 in Necromancy
  1781 | D:2      | Reached skill level 1 in Translocations
  1989 | D:2      | Reached XP level 4. HP: 19/21 MP: 6/10
  2647 | D:3      | Noticed Beebo's ghost (average FeTm)
  2666 | D:3      | Killed Beebo's ghost
  2666 | D:3      | Reached XP level 5. HP: 11/24 MP: 3/12
  2775 | D:3      | Learned a level 2 spell: Song of Slaying
  2847 | D:3      | Noticed Grinder
  3147 | D:4      | Found a viscous altar of Jiyva.
  3165 | D:4      | Noticed Natasha
  3210 | D:4      | Reached skill level 4 in Charms
  3219 | D:4      | Killed Natasha
  3227 | D:4      | Noticed Natasha
  3234 | D:4      | Slain by Natasha
  3235 | D:4      | Reached XP level 4. HP: -2/21 MP: 0/10
  3248 | D:4      | Killed Natasha
  3248 | D:4      | Reached XP level 5. HP: 16/24 MP: 4/12
  3269 | D:4      | Noticed Natasha
  3436 | D:4      | Killed Natasha
  3557 | D:4      | HP: 1/24 [orc wizard/dagger (4)]
  3557 | D:4      | Slain by an orc

Action                   |  1- 3 |  4- 6 || total
-------------------------+-------+-------++-------
Melee: Unarmed           |   111 |   151 ||   262
 Cast: Infusion          |    17 |    15 ||    32
       Regeneration      |     1 |    14 ||    15
       Shroud of Golubri |     1 |     4 ||     5
 Abil: Jump Attack       |     1 |     2 ||     3
Evoke: Wand              |     1 |       ||     1
  Use: Scroll            |       |     6 ||     6
       Potion            |       |     6 ||     6
 Stab: Sleeping          |     1 |     3 ||     4
       Distracted        |       |     1 ||     1
